 Dungeon Crawl Stone Soup version 0.22.0-78-g6c94d2c (webtiles) character file.

78 Starchild the Poker (level 4, 0/49 HPs)
             Began as a Merfolk Skald on Sept 16, 2018.
             Was an Initiate of Okawaru.
             Succumbed to an adder's poison
             ... on level 3 of the Dungeon.
             The game lasted 00:06:27 (2032 turns).

Starchild the Poker (Merfolk Skald)                 Turns: 2032, Time: 00:06:27

Health: 0/49       AC: 22    Str: 11    XL:     4   Next: 36%
Magic:  3/7        EV:  2    Int: 13    God:    Okawaru [......]
Gold:   104        SH:  0    Dex: 13    Spells: 2/7 levels left

rFire    . . .     SeeInvis .   f - +0 spear (curse)
rCold    . . .     Gourm    .   (no shield)
rNeg     + + +     Faith    .   (armour currently unavailable)
rPois    +         Spirit   .   (helmet currently unavailable)
rElec    .         Reflect  .   (cloak currently unavailable)
rCorr    .         Harm     .   (gloves currently unavailable)
MR       .....     NoTele   +   (boots currently unavailable)
Stlth    +.........             (no amulet)
HPRegen  0.16/turn              (no ring)
MPRegen  0.10/turn              (no ring)

@: lethally poisoned (0 -> -7), tree-form, shrouded, singing
A: (change form in water), (swift swim), (stealthy swim)
a: Renounce Religion


You were on level 3 of the Dungeon.
You worshipped Okawaru.
Okawaru was noncommittal.
You were very hungry.
You were a tree.
You visited 1 branch of the dungeon, and saw 3 of its levels.

You collected 104 gold pieces.

Inventory:

Hand Weapons
 a - a +0 spear
 f - a cursed +0 spear (weapon)
Missiles
 e - 79 stones (quivered)
Armour
 b - a +0 leather armour (melded)
Scrolls
 c - a scroll of blinking {unknown}
 g - 2 scrolls of identify {unknown}
 h - a scroll of noise {unknown}
 j - 6 scrolls of remove curse {unknown}
Potions
 i - a potion of ambrosia {unknown}
 k - a potion of haste {unknown}
 l - 2 potions of agility {unknown}
 m - a potion of lignification
 n - a potion of berserk rage {unknown}
 o - a potion of resistance {unknown}
 p - a potion of mutation {unknown}
 q - 2 potions of curing {unknown}
Comestibles
 d - 3 rations


   Skills:
 - Level 2.1 Fighting
 + Level 4.8 Polearms
 - Level 0.6 Armour
 - Level 2.6 Dodging
 - Level 2.0 Spellcasting
 + Level 4.7 Charms


You had 2 spell levels left.
You knew the following spells:

 Your Spells              Type           Power        Failure   Level  Hunger
a - Infusion              Chrm           ##..         3%          1    ##.....
b - Song of Slaying       Chrm           ##......     5%          2    ###....
c - Shroud of Golubria    Chrm/Tloc      #.........   14%         2    ###....

Your spell library contained the following spells:

 Spells                   Type           Power        Failure   Level  Hunger
 Regeneration             Chrm/Necr      #.........   28%         3    ####...
 Spectral Weapon          Hex/Chrm       #.......     28%         3    ####...


Dungeon Overview and Level Annotations

Branches:
Dungeon (3/15)

Altars:
Okawaru

Annotations:
D:2 Sigmund


Message History

The adder bites you.
* * * LOW HITPOINT WARNING * * *
Casting: Song of Slaying (safe; 8% risk of failure)
Confirm with . or Enter, or press ? or * to list all spells.
Space distorts slightly along a thin shroud covering your body.
You are feeling very hungry.
The adder barely misses you.
You closely miss the adder.
Your shroud bends the adder's attack away.
You miss the adder. The adder bites you.
* * * LOW HITPOINT WARNING * * *
You are poisoned.
The adder poisons you! The adder bites you.
* * * LOW HITPOINT WARNING * * *
You are more poisoned.
The adder poisons you!
It was a potion of lignification.
You turn into a tree.
Your +0 leather armour melds into your body.
Your roots penetrate the ground.
You die...

.............#......#####
...................>.....
###....................#
#.)........#.....#....l
#...............## ####
#....†......##.w#
####........#..#.Z#
....#.)....###.##S#
.........#......♣##
....##...#.......#
....##............
....##..........r.#
...#...†.#.......##
.....#..##........
...###..#####.###.
.....#..#####.# #
.###.#.<#......


You could see a worm, an adder, a river rat and a hound zombie.

Vanquished Creatures
  3 adders (D:2)
  An ooze (D:3)
  A worm (D:2)
  A leopard gecko (D:1)
  An orc (D:3)
  2 ball pythons
  5 giant cockroaches
  3 hobgoblins
  4 jackals
  3 bats (D:1)
  A frilled lizard (D:1)
  4 goblins
  6 kobolds (D:1)
  6 rats
41 creatures vanquished.

Notes
Turn   | Place    | Note
-------+----------+-------------------------------------------
     0 | D:1      | Starchild the Merfolk Skald began the quest for the Orb.
     0 | D:1      | Reached XP level 1. HP: 16/16 MP: 3/3
   124 | D:1      | Reached XP level 2. HP: 13/22 MP: 5/5
   601 | D:1      | Learned a level 2 spell: Song of Slaying
   604 | D:1      | Learned a level 2 spell: Shroud of Golubria
   778 | D:1      | Reached XP level 3. HP: 19/27 MP: 6/6
  1587 | D:2      | Found an iron altar of Okawaru.
  1599 | D:2      | Reached XP level 4. HP: 29/33 MP: 7/7
  1607 | D:2      | Became a worshipper of Warmaster Okawaru
  1703 | D:2      | Noticed Sigmund
  2031 | D:3      | HP: 1/33 [adder (4)]
  2032 | D:3      | Succumbed to an adder's poison

Skill      XL: |  1  2  3 |
---------------+----------+-----
Charms         | 4 |  4.7
Polearms       | 4 |  4.8
Fighting       | |  2.1
Armour         | |  0.6
Dodging        | |  2.6
Spellcasting   | |  2.0

Action                   |  1- 3 |  4- 6 || total
-------------------------+-------+-------++-------
Melee: Spear             |   174 |    49 ||   223
Throw: Stone             |     2 |     1 ||     3
 Cast: Infusion          |     3 |       ||     3
       Song of Slaying   |     1 |     1 ||     2
       Shroud of Golubri |       |     1 ||     1
  Use: Potion            |       |     1 ||     1
  Eat: Chunk             |     2 |     1 ||     3
Armor: Leather armour    |    34 |     6 ||    40
Dodge: Dodged            |    89 |    20 ||   109
